 Dungeon Crawl Stone Soup version 0.17-a0-2118-g63bad21 (webtiles) character file.

146 jalm the Bolt Thrower (level 5, -1/41 HPs)
             Began as a Centaur Hunter on Oct 20, 2015.
             Killed by divine providence
             ... invoked by an orc priest
              (13 damage)
             ... on level 4 of the Dungeon.
             The game lasted 00:05:19 (1765 turns).

jalm the Bolt Thrower (Centaur Hunter)              Turns: 1765, Time: 00:05:19

Health: -1/41      AC:  5    Str: 14    XL:     5   Next: 7%
Magic:  5/5        EV:  9    Int: 10    God:
Gold:   208        SH:  0    Dex: 11    Spells: 0 memorised, 4 levels left

rFire  . . .     SeeInvis .     c - +0 short sword
rCold  . . .     Clarity  .     d - +0 leather armour
rNeg   . . .     SustAt   .     (no shield)
rPois  .         Gourm    .     l - +0 helmet
rElec  .         Spirit   .     (no cloak)
rCorr  .         Warding  .     (no gloves)
rMut   .         Stasis   .     (no barding)
MR     .....                    (no amulet)
Stlth  +.........               (no ring)
                                (no ring)

@: very quick, not resistant to hostile enchantments, very unstealthy
A: hooves 3, deformed body, speed 2, tough skin 3
a: no special abilities


You were on level 4 of the Dungeon.
You were not hungry.

You visited 1 branch of the dungeon, and saw 4 of its levels.

You collected 208 gold pieces.

Inventory:

Hand Weapons
 a - a +1 hand crossbow
 c - a +0 short sword (weapon)
Missiles
 b - 77 bolts
 s - a throwing net (quivered)
Armour
 d - a +0 leather armour (worn)
 l - a +0 helmet (worn)
Jewellery
 f - an uncursed ring of protection from cold {unknown}
Scrolls
 h - 6 scrolls of identify {unknown}
 j - a scroll of magic mapping {unknown}
 k - 2 scrolls of enchant armour {unknown}
 o - 2 scrolls of teleportation {unknown}
 p - 3 scrolls of remove curse {unknown}
 u - a scroll of random uselessness {unknown}
Potions
 i - 4 potions of heal wounds {unknown}
 m - a potion of agility {unknown}
 q - 3 potions of brilliance {unknown}
Comestibles
 e - 2 bread rations
 g - a beef jerky
 n - 2 meat rations
 t - 3 fruits


   Skills:
 - Level 2.2 Fighting
 - Level 0.1 Short Blades
 + Level 6.3 Crossbows
 - Level 0.3 Armour
 - Level 2.1 Dodging
 - Level 0.5 Stealth


You had 4 spell levels left.
You didn't know any spells.

Dungeon Overview and Level Annotations

Branches:
Dungeon (4/15)
 Temple: D:4-7

Altars:
Gozag

Shops:
D:3 *


Innate Abilities, Weirdness & Mutations

You have hooves in place of feet.
Armour fits poorly on your strangely shaped body.
You cover ground very quickly.
You have extremely tough skin (AC +3).


Message History

Wield which item (- for none, * to show all)? (? for menu, Esc to quit)
c - a +0 short sword (weapon)
Found 7 gold pieces.
An orc priest comes into view. It is wielding a short sword.
You hit the orc. Your kick misses the orc.
The orc is moderately wounded.
The orc hits you with a flail.
A jackal skeleton comes into view.
You hit the orc.
The orc is moderately wounded.
The orc hits you with a flail.
You hit the orc but do no damage. You kick the orc.
The orc is heavily wounded.
The orc priest mumbles some strange prayers to Beogh against you.
Something smites you!
* * * LOW HITPOINT WARNING * * *
The orc hits you but does no damage.
The orc priest calls down the wrath of Beogh upon you.
Something smites you!
You die...

..........##............
..................o.....
.............#.........
#..........##.........
##..........###.Z...#.
#.............o.......#
#.#......)...............
##.#..............#.#####.
##..#..........@#.##.#
##...#.......<...#.# .#
#.>..............#.# ##
.......)#.##.###....
.......##.........##
$.....######.##...#
.###..# ....... ###..#
..... ##....####### .


You could see an orc priest, an orc and a jackal skeleton.

Vanquished Creatures
  An orc priest (D:4)
  Ijyb (D:3)
  A hound skeleton (D:4)
  A gnoll (D:1)
  An adder (D:3)
  An ooze (D:3)
  3 orcs
  4 bats
  5 goblins
  6 hobgoblins
  A ball python (D:3)
  4 giant cockroaches (D:1)
  4 giant geckos
  8 giant newts
  4 kobolds
  8 rats
53 creatures vanquished.

Notes
Turn   | Place    | Note
--------------------------------------------------------------
     0 | D:1      | jalm the Centaur Hunter began the quest for the Orb.
     0 | D:1      | Reached XP level 1. HP: 17/17 MP: 1/1
   126 | D:1      | Reached XP level 2. HP: 19/24 MP: 2/2
   170 | D:1      | Reached skill level 5 in Crossbows
   293 | D:1      | Reached XP level 3. HP: 25/29 MP: 3/3
  1239 | D:3      | Noticed Ijyb
  1246 | D:3      | Killed Ijyb
  1246 | D:3      | Reached XP level 4. HP: 32/36 MP: 4/4
  1501 | D:3      | Found Gozag's Platinum Reserve.
  1501 | D:3      | Found an opulent altar of Gozag.
  1618 | D:4      | Reached skill level 6 in Crossbows
  1628 | D:4      | Reached XP level 5. HP: 12/41 MP: 5/5
  1765 | D:4      | Killed from afar by an orc priest

Vault maps used:
D:1:      dpeg_arrival_lava_altar, minmay_newt_pond
D:3:      first_bread, nicolae_gozag_zags_fifth_avenue, uniq_iyjb
D:4:      nicolae_ashenzari_panopticon, temple_green

Action                   |  1- 3 |  4- 6 || total
-------------------------+-------+-------++-------
Melee: Short sword       |    86 |     3 ||    89
 Fire: Hand crossbow     |    29 |    40 ||    69
  Eat: Chunk             |       |     1 ||     1
